 Dungeon Crawl Stone Soup version 0.20.0-15-g7f486f2 (webtiles) character file.

135 juanjsm the Sneak (level 4, -2/22 HPs)
             Began as a Spriggan Enchanter on June 13, 2017.
             Killed from afar by an electric eel (12 damage)
             ... with a bolt of electricity
             ... on level 3 of the Dungeon on June 20, 2017.
             The game lasted 00:18:28 (3073 turns).

juanjsm the Sneak (Spriggan Enchanter)              Turns: 3073, Time: 00:18:30

Health: -2/22      AC:  2    Str:  4    XL:     4   Next: 97%
Magic:  5/9        EV: 19    Int: 17    God:
Gold:   245        SH:  0    Dex: 16    Spells: 3/9 levels left

rFire    . . .     SeeInvis +   q - +0 dagger (speed)
rCold    . . .     Gourm    .   (shield restricted)
rNeg     . . .     Faith    .   b - +0 robe
rPois    .         Spirit   .   (helmet restricted)
rElec    .         Reflect  .   (no cloak)
rCorr    .         Harm     .   (gloves unavailable)
MR       .....                  (boots unavailable)
Stlth    +++.......             (no amulet)
Regen    0.1/turn               h - ring of stealth
MPRegen  0.2/turn               t - ring of loudness (curse)

@: very quick
A: unfitting armour, see invisible, herbivore 3, speed 3, slow metabolism 2
a: no special abilities


You were on level 3 of the Dungeon.
You were hungry.

You visited 1 branch of the dungeon, and saw 3 of its levels.

You collected 245 gold pieces.

Inventory:

Hand Weapons
 a - a +1 dagger
 q - a +0 dagger of speed (weapon)
Armour
 b - a +0 robe (worn)
 r - a +0 buckler
 x - +0 ice dragon scales
Jewellery
 h - a ring of stealth (left hand)
 s - an uncursed ring of see invisible
 t - a cursed ring of loudness (right hand)
Wands
 j - a wand of confusion (23/48)
 y - a wand of flame (15/48)
Scrolls
 f - 4 scrolls of identify
 i - a scroll of random uselessness {unknown}
 k - 3 scrolls of remove curse {unknown}
 m - 2 scrolls of enchant weapon {unknown}
 n - a scroll of recharging {unknown}
 o - a scroll of amnesia {unknown}
 p - a scroll of immolation {unknown}
 u - a scroll of magic mapping {unknown}
 v - a scroll of enchant armour {unknown}
Potions
 e - 3 potions of curing
 g - a potion of brilliance {unknown}
 w - a potion of heal wounds {unknown}
Books
 c - a book of Maledictions

   Spells                             Type                      Level
   a - Corona                         Hexes                        1
   b - Ensorcelled Hibernation        Hexes/Ice                    2
   c - Confuse                        Hexes                        3
   d - Tukima's Dance                 Hexes                        3
   e - Dazzling Spray                 Conjuration/Hexes            3
Comestibles
 d - 2 bread rations
 l - 3 fruits


   Skills:
 + Level 1.2 Fighting
 + Level 2.1 Short Blades
 + Level 3.8 Dodging
 + Level 5.7 Stealth
 + Level 0.5 Shields
 + Level 3.1 Spellcasting
 + Level 4.3 Hexes


You had 3 spell levels left.
You knew the following spells:

 Your Spells              Type           Power        Failure   Level  Hunger
a - Corona                Hex            ###....      2%          1    None
b - Ensorcelled Hibernat  Hex/Ice        ##....       11%         2    ##.....
c - Confuse               Hex            ###.....     9%          3    ###....


Dungeon Overview and Level Annotations

Branches:
Dungeon (3/15)

Altars:
Makhleb
Qazlal

Annotations:
D:3 1 transporter


Innate Abilities, Weirdness & Mutations

You are very small and have problems with some larger weapons.
You are too small for most types of armour.
You have supernaturally acute eyesight. (SInv)
You are a herbivore.
You cover ground extremely quickly.
You need consume almost no food.


Message History

You are feeling hungry.
Casting: Confuse
Confirm with . or Enter, or press ? or * to list all spells.
Aiming: Confuse
Press: ? - help, Shift-Dir - straight line, f/p - phantom
Aim: a phantom (chance to defeat MR: 30%)
The phantom easily resists.
The phantom blinks!
The phantom blinks!
Partly explored, unvisited transporter.
There is a transporter here.
You enter the transporter and appear at another place.
y - a wand of flame (?/48)
You open the door.
The electric eel shoots out a bolt of lightning at you!
The bolt of electricity hits you!
Ouch! That really hurt!
The bolt of electricity hits you!
Ouch! That really hurt!
You die...

......>....#.....................
.......).........................
.......).....................<...
.......................###.......
.......................# #.....).
####.###############...# #.......
# ##.#8P#≈≈;≈≈≈;#P8#...# #.######
###..#..#.......#..#...# #.#
#....#©)+...⌠...@..#©..# #.#
#....#..#.......#..#..## #.#
.....#8P#≈≈≈≈≈≈≈#P8#.## #.#
#....###############.#####.#
####.......................######
# ####...........................
###....##...#....################
..#..g#..........###
..).o...####.......#####


You could see 2 electric eels.

Vanquished Creatures
  Ijyb (D:3)
  An adder (D:3)
  A gnoll (D:1)
  3 dart slugs
  2 leopard geckos
  5 orcs (D:3)
  2 ball pythons (D:1)
  4 giant cockroaches (D:2)
  6 goblins
  8 hobgoblins
  8 jackals
  11 kobolds
  2 quokkas (D:3)
  7 bats
  8 frilled lizards
  3 rats
72 creatures vanquished.

Notes
Turn   | Place    | Note
-------+----------+-------------------------------------------
     0 | D:1      | juanjsm the Spriggan Enchanter began the quest for the Orb.
     0 | D:1      | Reached XP level 1. HP: 9/9 MP: 5/5
   640 | D:1      | Reached XP level 2. HP: 9/13 MP: 6/6
   644 | D:1      | Learned a level 2 spell: Ensorcelled Hibernation
   982 | D:1      | Reached skill level 5 in Stealth
  1120 | D:1      | Reached XP level 3. HP: 17/17 MP: 1/8
  1125 | D:1      | Learned a level 3 spell: Confuse
  1391 | D:2      | Found a burning altar of Makhleb.
  1858 | D:2      | Found a stormy altar of Qazlal.
  2025 | D:3      | Reached skill level 1 in Fighting
  2028 | D:3      | Noticed Ijyb
  2039 | D:2      | Reached XP level 4. HP: 11/22 MP: 1/9
  2407 | D:3      | Found a transporter.
  2593 | D:3      | Killed Ijyb
  2613 | D:3      | Found a transporter.
  2689 | D:3      | Noticed a phantom
  3073 | D:3      | Killed from afar by an electric eel

Skill      XL: |  1  2  3  4 |
---------------+-------------+-----
Stealth        | 5 |  5.7
Hexes          | 4 |  4.3
Fighting       | 1 |  1.2
Short Blades   | 2 |  2.1
Spellcasting   | 3 |  3.1
Dodging        | |  3.8
Shields        | |  0.5

Action                   |  1- 3 |  4- 6 || total
-------------------------+-------+-------++-------
Melee: Dagger            |   163 |    76 ||   239
 Cast: Corona            |     9 |     1 ||    10
       Ensorcelled Hiber |    29 |    22 ||    51
       Confuse           |       |     7 ||     7
  Use: Scroll            |     1 |     2 ||     3
 Stab: Sleeping          |    32 |    18 ||    50
       Distracted        |       |     2 ||     2
  Eat: Royal jelly       |     1 |       ||     1
       Fruit             |       |     1 ||     1
Armor: Robe              |    20 |     9 ||    29
Dodge: Dodged            |   147 |    81 ||   228
